Description

YA

Replay - GOStephano v Harstem: Game 2 - 16-Bit LE

Build Order

Get SALT Encoding   

  12  0:00  Drone  
  13  0:12  Overlord  
  13  0:17  Drone  
  14  0:31  Drone x2  
  16  0:50  Hatchery  
  16  0:53  Drone x2  
  17  1:01  Drone  
  18  1:09  Extractor  
  17  1:16  Spawning Pool  
  16  1:20  Drone x2  
  18  1:28  Drone  
  21  2:03  Overlord, Queen x2  
  21  2:06  Zergling x2  
  26  2:14  Metabolic Boost  
  30  2:36  Hatchery  
  29  2:43  Queen  
  31  2:47  Overlord  
  31  2:50  Zergling x2  
  32  2:56  Overlord  
  37  3:18  Evolution Chamber  
  40  3:25  Queen  
  42  3:32  Spore Crawler x2  
  44  3:47  Zerg Melee Weapons Level 1  
  44  3:48  Overlord  
  44  3:51  Spore Crawler  
  49  4:16  Zergling x14  
  56  4:29  Zergling x2  
  57  4:42  Lair  
  63  4:56  Extractor x2  
  76  5:36  Queen  
  76  5:40  Hatchery, Extractor  
  76  5:42  Hydralisk Den  
  85  5:59  Extractor x2  
  83  6:09  Zerg Melee Weapons Level 2  
  83  6:10  Baneling Nest  
  83  6:12  Hydralisk x2  
  87  6:24  Hydralisk x5  
  97  6:30  Infestation Pit  
  94  6:45  Hydralisk x3  
  116  7:02  Overseer  
  119  7:11  Centrifical Hooks  
  120  7:21  Muscular Augments  
  148  8:15  Spine Crawler  
  157  8:21  Baneling x10  
  157  8:32  Grooved Spines  
  157  8:33  Zerg Missile Weapons Level 1  
Spawning Tool Build Advisor. Get it on Overwolf

Analysis

YA

Go to:

Details

  • Created by: Crila
  • Published on: May 23, 2020
  • Modified on: May 23, 2020
  • Patch: 4.11.0
Show
View Real Time Build Order
Export as new Build Order

Comments (0)

There are no comments. Be the first!

Create an account to comment!